 Dungeon Crawl Stone Soup version 0.30-a0-137-gd8773701ce (webtiles) character file.

Game seed: 16353456469933980377

2243 bande the Cleaver (level 9, -9/78 HPs)
             Began as a Hill Orc Fighter on Sept 23, 2022.
             Mangled by a wight
             ... wielding a +1 dire flail of protection
              (11 damage)
             ... on level 7 of the Dungeon.
             The game lasted 00:09:50 (7025 turns).

bande the Cleaver (Hill Orc Fighter)                Turns: 7025, Time: 00:09:50

Health: -9/78      AC: 11    Str: 19    XL:     9   Next: 37%
Magic:  9/9        EV:  6    Int:  8    God:
Gold:   359        SH: 11    Dex: 20    Spells: 8/8 levels left

rFire   + . .      SeeInvis .    a - +1 war axe (freeze)
rCold   + . .      Faith    .    k - +0 kite shield
rNeg    . . .      Spirit   .    r - +0 chain mail
rPois   .          Reflect  .    (no helmet)
rElec   .          Harm     .    m - scarf {rC+ rF+}
rCorr   .          Rampage  .    (no gloves)
Will    .....                    g - +0 pair of boots
Stlth   ..........               (no amulet)
HPRegen 0.23/turn                f - +6 ring of dexterity
MPRegen 0.11/turn                (no ring)

@: no status effects
A: no striking features
a: no special abilities


You were on level 7 of the Dungeon.
You visited 1 branch of the dungeon, and saw 7 of its levels.

You collected 359 gold pieces.

Inventory:

Hand Weapons
 a - a +1 war axe of freezing (weapon)
 p - a +2 morningstar of freezing
 q - a +0 flail
 s - a +4 flail of freezing
Armour
 g - a +0 pair of boots (worn)
 k - a +0 kite shield (worn)
 m - a scarf of resistance (worn)
 r - a +0 chain mail (worn)
Jewellery
 f - a +6 ring of dexterity (left hand)
Wands
 b - a wand of roots (8)
Scrolls
 l - a scroll of identify
 n - a scroll of enchant weapon
Potions
 c - 4 potions of flight
 d - 2 potions of heal wounds
 e - 10 potions of curing
 h - a potion of brilliance {unknown}
 i - a potion of cancellation
 j - a potion of invisibility
 o - a potion of ambrosia


   Skills:
 + Level 6.9 Fighting
 + Level 10.4 Axes
 + Level 7.1 Armour
 + Level 6.1 Shields
 * Level 2.7 Evocations


You had 8 spell levels left.
You didn't know any spells.
Your spell library contained the following spells:

 Spells                   Type           Power      Damage    Failure   Level
 Apportation              Tloc           0%         N/A       100%        1
 Necrotise                Necr           0%         1d4       100%        1
 Summon Small Mammal      Summ           0%         N/A       100%        1
 Vampiric Draining        Necr           0%         2d6       100%        3
 Agony                    Necr           0%         N/A       100%        5


Dungeon Overview and Level Annotations

Branches:
Dungeon (7/15)             Temple (0/1) D:6

Altars:
Ashenzari
Elyvilon
Fedhas
Kikubaaqudgha
Okawaru
Yredelemnul
Zin
The Shining One

Shops:
D:3 [


Message History

The wight is lightly damaged.
You block the wight's attack. x2
You slash the wight!
The wight is heavily damaged.
You block the wight's attack.
You slash the wight!
You destroy the wight!
Your life force feels restored.
You slash the wight!
The wight is heavily damaged.
You block the wight's attack.
You barely miss the wight.
The wight is heavily damaged.
You block the wight's attack.
You slash the wight!
You destroy the wight!
A wight comes into view. It is wielding a +4 scimitar.
You hit the wight but do no damage. You completely miss the wight.
You block the wight's attack.
You hit the wight but do no damage. The wight hits you with a +4 scimitar!
* * * LOW HITPOINT WARNING * * *
You slash the wight!
The wight is heavily damaged.
The wight hits you but does no damage.
You closely miss the wight.
The wight is heavily damaged.
You block the wight's attack.
You slash the wight!
You destroy the wight!
You completely miss the wight. You block the wight's attack.
You closely miss the wight. You block the wight's attack.
You slash the wight!
The wight is heavily damaged.
You block the wight's attack.
The wight hits you with a +1 dire flail of protection.
* * * LOW HITPOINT WARNING * * *
You hit the wight but do no damage.
The wight is heavily damaged.
The wight hits you with a +1 dire flail of protection!
You die...

..# ....... ##.## ...z#..
#...# ....... #...# .....
#...# ...z #...# #..
######...######
.####..###[............##
.......z@................
#####.####)............##
#. ######...####### #
#...# # #...# # #...## #
#....# # ####.# #
#######.# #


You could see a wight.

Vanquished Creatures
  Sigmund (D:3)
  A steam dragon (D:6)
  Menkaure (D:6)
  A black bear (D:5)
  An ice beast (D:5)
  2 sky beasts
  A centaur (D:5)
  A kobold brigand (D:5)
  2 bullfrogs
  3 scorpions (D:6)
  7 wights (D:7)
  3 howler monkeys (D:5)
  3 hounds
  A jelly (D:3)
  Terence (D:3)
  4 iguanas
  An orc wizard (D:5)
  3 gnolls (D:3)
  12 adders
  A white imp (D:6)
  3 worms
  4 dart slugs
  3 orcs (D:4)
  9 endoplasms
  3 giant cockroaches
  11 goblins
  6 hobgoblins
  11 jackals
  4 quokkas
  11 ball pythons
  A bat (D:2)
  2 frilled lizards
  7 kobolds
  2 rats
  A spectral orc (D:5)
128 creatures vanquished.

Notes
Turn   | Place    | Note
-------+----------+-------------------------------------------
     0 | D:1      | bande the Hill Orc Fighter began the quest for the Orb.
     0 | D:1      | Reached XP level 1. HP: 19/19 MP: 1/1
   400 | D:1      | Reached XP level 2. HP: 24/27 MP: 2/2
   951 | D:2      | Reached XP level 3. HP: 32/34 MP: 3/3
  1019 | D:2      | Reached skill level 3 in Axes
  1458 | D:2      | Reached XP level 4. HP: 41/41 MP: 4/4
  2012 | D:2      | Found a faded altar of an unknown god.
  2054 | D:3      | Reached skill level 4 in Axes
  2054 | D:3      | Reached XP level 5. HP: 44/47 MP: 5/5
  2569 | D:3      | Noticed Terence
  2578 | D:3      | Killed Terence
  2579 | D:3      | Reached skill level 5 in Axes
  3242 | D:4      | Found a glowing golden altar of the Shining One.
  3247 | D:4      | Found a glowing silver altar of Zin.
  3247 | D:4      | Found a white marble altar of Elyvilon.
  3342 | D:4      | Found a broken altar of Ashenzari.
  3362 | D:4      | Reached XP level 6. HP: 55/55 MP: 6/6
  3658 | D:4      | Found an iron altar of Okawaru.
  3814 | D:4      | Reached skill level 5 in Fighting
  3945 | D:3      | Noticed Sigmund
  4317 | D:3      | Killed Sigmund
  4318 | D:3      | Reached skill level 6 in Axes
  4420 | D:3      | Found Koloen's Armour Shop.
  4635 | D:5      | Entered Level 5 of the Dungeon
  4635 | D:5      | Noticed a sky beast
  4643 | D:5      | Killed a sky beast
  4644 | D:5      | Reached XP level 7. HP: 48/61 MP: 7/7
  4652 | D:5      | Reached skill level 7 in Axes
  4652 | D:5      | Reached skill level 5 in Armour
  5062 | D:5      | Reached skill level 8 in Axes
  5062 | D:5      | Reached skill level 5 in Shields
  5062 | D:5      | Reached XP level 8. HP: 38/70 MP: 8/8
  5681 | D:5      | Found a basalt altar of Yredelemnul.
  5879 | D:6      | Found a staircase to the Ecumenical Temple.
  6008 | D:6      | Noticed Menkaure
  6014 | D:6      | Killed Menkaure
  6015 | D:6      | Reached skill level 9 in Axes
  6341 | D:6      | Reached skill level 1 in Evocations
  6462 | D:6      | Found an ancient bone altar of Kikubaaqudgha.
  6463 | D:6      | Found a blossoming altar of Fedhas.
  6647 | D:6      | Reached XP level 9. HP: 75/78 MP: 9/9
  6892 | D:7      | Reached skill level 10 in Axes
  7024 | D:7      | HP: 2/78 [wight/+1 dire flail of protection (6)]
  7025 | D:7      | Mangled by a wight

Illustrated notes

Levels and vault maps discovered:
D:1:      wander_arrival_peaceful_grave, layout_loops_cross
D:2:      layout_rooms, chequers_ecumenical_altar_simple_redux, minivault_5,
          nicolae_eternal_life, skrybe_limestone_x, minmay_misc_feat_roman,
          minmay_divided_ellipse
D:3:      layout_basic, serial_shops, shop, uniq_sigmund, uniq_terence
D:4:      layout_gridville, dreamdust_divine_triumvirate, okawaru_gym_becter,
          evilmike_ruin_ashenzari, minmay_bisected
D:5:      minmay_spotlight, layout_basic, yredelemnul_forgotten_temple_becter,
          minivault_1
D:6:      layout_basic, grunt_temple_overflow_growth_and_decay,
          minmay_temple_entry_overgrown, portal_sewer_entry_d, nrook_uturn,
          uniq_menkaure
D:7:      layout_loops_cross

Skill      XL: |  1  2  3  4  5  6  7  8  9 |
---------------+----------------------------+-----
Fighting       | 4 5 6 |  6.9
Axes           | 3 4 5 6 8 9 10 | 10.4
Armour         | 4 5 6 7 |  7.1
Shields        | 4 5 6 |  6.1
Evocations     | 1 2 |  2.7

Action                   |  1- 3 |  4- 6 |  7- 9 || total
-------------------------+-------+-------+-------++-------
Melee: War axe           |    72 |   161 |   158 ||   391
  Use: Scroll            |       |    13 |     5 ||    18
       Potion            |       |     1 |       ||     1
Armor: Scale mail        |    36 |    37 |       ||    73
       Chain mail        |       |    45 |    71 ||   116
Dodge: Dodged            |    32 |    44 |    31 ||   107
Block: Kite shield       |    29 |    81 |    87 ||   197
       Buckler           |     1 |       |       ||     1

Table legend: (Time is in decaauts)
 A = Elapsed time spent in this place.
 B = Non-inter-level travel time spent in this place.
 C = Inter-level travel time spent in this place.
 D = Time resting spent in this place.
 E = Time spent auto-exploring this place.
 F = Levels seen in this place.
 G = Mean time per level.
                   A        B        C        D        E       F      G
               +--------+--------+--------+--------+--------+-----+--------+
         Total |   7170 |   6972 |    198 |   1085 |   4708 |   7 | 1024.3 |
       Dungeon |   7170 |   6972 |    198 |   1085 |   4708 |   7 | 1024.3 |
               +--------+--------+--------+--------+--------+-----+--------+

Top non-repeatable levels by time:
     D:3: 1399 daAuts
     D:2: 1391 daAuts
     D:5: 1249 daAuts
     D:4: 1236 daAuts
     D:6: 976 daAuts
     D:1: 714 daAuts
     D:7: 202 daAuts
